| TOP OF THE 1ST |
|
Denver Bears batting - Pitching for Omaha Storm Chasers : LHP Brad Havens
|
|
Pitching: LHP Brad Havens
|
|
|
Batting: RHB Adolfo Feliz
|
0-0: Called Strike 0-1: Ball 1-1: SINGLE (Groundball, 6MD, EV 106.9 MPH)
|
|
Batting: SHB Mitch Webster
|
0-0: Fielders Choice at 2nd, 4-6 (Groundball, 4, EV 87.5 MPH)
|
|
Batting: RHB George A Bell
|
0-0: Called Strike 0-1: Ball 1-1: Ball 2-1: Ball 3-1: Base on Balls Mitch Webster to second
|
|
Batting: LHB Danny Heep
|
0-0: Called Strike 0-1: Fielders Choice at 2nd, 3-6 (Groundball, 3, EV 91.9 MPH) Mitch Webster to third
|
|
Batting: RHB Juan Alvarez
|
0-0: Ball 1-0: Ball 2-0: Ball 3-0: Base on Balls Danny Heep to second
|
|
Batting: RHB Victor Woods
|
0-0: Called Strike 0-1: Hit by Pitch Mitch Webster scores Danny Heep to third Juan Alvarez to second
|
|
Batting: RHB Gomez Barahona
|
0-0: Called Strike 0-1: DOUBLE (Line Drive, 9LS, EV 103.1 MPH) Danny Heep scores Juan Alvarez scores Victor Woods to third Runner from 3rd tries for Home, SAFE, throw by RF to home
|
|
Batting: RHB Frank Lucy
|
0-0: Swinging Strike 0-1: Ground out 6-3 (Groundball, 6, EV 91.9 MPH)
|
| Top of the 1st over - 4 runs, 2 hits, 0 errors, 1 left on base; Denver 4 - Omaha 0 |
| BOTTOM OF THE 1ST |
|
Omaha Storm Chasers batting - Pitching for Denver Bears : RHP Jorge Rivera
|
|
Pitching: RHP Jorge Rivera
|
|
|
Batting: RHB Jay Schellin
|
0-0: Ball 1-0: Swinging Strike 1-1: Swinging Strike 1-2: Foul Ball, location: 2F 1-2: Ball 2-2: Ground out 1-3 (Groundball, 13S, EV 68.8 MPH)
|
|
Batting: SHB Rafael Landestoy
|
0-0: Ball 1-0: Reached on error, E3 (Groundball, 34, EV 103.1 MPH)
|
|
Batting: RHB Don Money
|
0-0: Ball 1-0: Called Strike 1-1: Foul Ball, location: 2F 1-2: Ball 2-2: Foul Ball, location: 2F 2-2: Fly out, F7 (Flyball, 7D, EV 98.1 MPH)
|
|
Batting: LHB Mike LaValliere
|
0-0: Called Strike 0-1: Foul Ball, location: 2F 0-2: Ball 1-2: Ball 2-2: Ground out 4-3 (Groundball, 34, EV 98.1 MPH)
|
| Bottom of the 1st over - 0 runs, 0 hits, 1 error, 1 left on base; Denver 4 - Omaha 0 |
| TOP OF THE 2ND |
|
Denver Bears batting - Pitching for Omaha Storm Chasers : LHP Brad Havens
|
|
Batting: RHB Juan Castro
|
0-0: Swinging Strike 0-1: Ball 1-1: Foul Ball, location: 2F 1-2: Ball 2-2: Ball 3-2: Fly out, F8 (Line Drive, 8LM, EV 93.1 MPH)
|
|
Batting: RHB Adolfo Feliz
|
0-0: Foul Ball, location: 2F 0-1: Called Strike 0-2: Ground out 5-3 (Groundball, 56S, EV 75.6 MPH)
|
|
Batting: SHB Mitch Webster
|
0-0: Called Strike 0-1: Ball 1-1: Fly out, F3 (Flyball, 3D, EV 84.4 MPH)
|
| Top of the 2nd over - 0 runs, 0 hits, 0 errors, 0 left on base; Denver 4 - Omaha 0 |
| BOTTOM OF THE 2ND |
|
Omaha Storm Chasers batting - Pitching for Denver Bears : RHP Jorge Rivera
|
|
Batting: RHB Eddie Gates
|
0-0: Ball 1-0: Swinging Strike 1-1: Foul Ball, location: 2F 1-2: Ball 2-2: Foul Ball, location: 2F 2-2: Strikes out swinging
|
|
Batting: LHB Donald Elliott
|
0-0: Ball 1-0: Called Strike 1-1: Ball 2-1: Swinging Strike 2-2: Ball 3-2: Fly out, F8 (Flyball, 8LD, EV 90.0 MPH)
|
|
Batting: RHB Mike Allport
|
0-0: Ball 1-0: Ball 2-0: Ball 3-0: Called Strike 3-1: Foul Ball, location: 2F 3-2: Foul Ball, location: 2F 3-2: Fly out, F8 (Flyball, 8LS, EV 86.9 MPH)
|
| Bottom of the 2nd over - 0 runs, 0 hits, 0 errors, 0 left on base; Denver 4 - Omaha 0 |
| TOP OF THE 3RD |
|
Denver Bears batting - Pitching for Omaha Storm Chasers : LHP Brad Havens
|
|
Batting: RHB George A Bell
|
0-0: Fly out, F5 (Popup, 25, EV 91.3 MPH)
|
|
Batting: LHB Danny Heep
|
0-0: Ground out 5-3 (Groundball, 5L, EV 104.4 MPH)
|
|
Batting: RHB Juan Alvarez
|
0-0: Called Strike 0-1: Ball 1-1: Swinging Strike 1-2: Ball 2-2: Ground out 5-3 (Groundball, 56S, EV 69.4 MPH)
|
| Top of the 3rd over - 0 runs, 0 hits, 0 errors, 0 left on base; Denver 4 - Omaha 0 |
| BOTTOM OF THE 3RD |
|
Omaha Storm Chasers batting - Pitching for Denver Bears : RHP Jorge Rivera
|
|
Batting: SHB Larry Bowa
|
0-0: Ball 1-0: Foul Ball, location: 2F 1-1: Swinging Strike 1-2: Foul Ball, location: 2F 1-2: Foul Ball, location: 2F 1-2: Strikes out swinging
|
|
Batting: RHB Odie Davis
|
0-0: Ball 1-0: Ball 2-0: Foul Ball, location: 2F 2-1: Foul Ball, location: 2F 2-2: Foul Ball, location: 2F 2-2: Ground out 1-3 (Groundball, 13S, EV 73.8 MPH)
|
|
Batting: RHB Jay Schellin
|
0-0: Called Strike 0-1: Swinging Strike 0-2: Ball 1-2: Ball 2-2: Strikes out swinging
|
| Bottom of the 3rd over - 0 runs, 0 hits, 0 errors, 0 left on base; Denver 4 - Omaha 0 |
| TOP OF THE 4TH |
|
Denver Bears batting - Pitching for Omaha Storm Chasers : LHP Brad Havens
|
|
Batting: RHB Victor Woods
|
0-0: Called Strike 0-1: Hit by Pitch
|
|
Batting: RHB Gomez Barahona
|
0-0: Ball 1-0: Fielders Choice at 2nd, 5-4 (Groundball, 56S, EV 78.1 MPH)
|
|
Now at 2B: Brian David
|
|
|
Batting: RHB Frank Lucy
|
0-0: Called Strike 0-1: SINGLE (Line Drive, 89S, EV 88.1 MPH) Gomez Barahona to second Runner from 2nd tries for 3rd, SAFE, throw by RF made to third
|
|
Batting: RHB Juan Castro
|
0-0: Ball 1-0: Called Strike 1-1: Foul Ball, location: 2F 1-2: Ball 2-2: Ground out 5-3 (Groundball, 56S, EV 71.3 MPH) Frank Lucy to second
|
|
Batting: RHB Adolfo Feliz
|
0-0: DOUBLE (Line Drive, 3D, EV 96.9 MPH) Gomez Barahona scores Frank Lucy scores
|
|
Pitching: LHP Neal Heaton
|
|
|
Batting: SHB Mitch Webster
|
0-0: Ball 1-0: Called Strike 1-1: Ball 2-1: DOUBLE (Line Drive, 78D, EV 101.9 MPH) Adolfo Feliz scores
|
|
Batting: RHB George A Bell
|
0-0: Foul Ball, location: 2F 0-1: Ball 1-1: Ball 2-1: Called Strike 2-2: Foul Ball, location: 2F 2-2: Fly out, F3 (Line Drive, 3, EV 73.1 MPH)
|
| Top of the 4th over - 3 runs, 3 hits, 0 errors, 1 left on base; Denver 7 - Omaha 0 |
| BOTTOM OF THE 4TH |
|
Omaha Storm Chasers batting - Pitching for Denver Bears : RHP Jorge Rivera
|
|
Batting: SHB Rafael Landestoy
|
0-0: Ball 1-0: Ball 2-0: Called Strike 2-1: Fly out, F9 (Flyball, 9D, EV 80.0 MPH)
|
|
Batting: RHB Don Money
|
0-0: Swinging Strike 0-1: Fly out, F3 (Popup, 34S, EV 70.0 MPH)
|
|
Batting: LHB Mike LaValliere
|
0-0: Ball 1-0: Ball 2-0: Called Strike 2-1: TRIPLE (Flyball, 8RXD, EV 92.5 MPH)
|
|
Batting: RHB Eddie Gates
|
0-0: Called Strike 0-1: Ball 1-1: Foul Ball, location: 2F 1-2: Ball 2-2: Ball 3-2: Foul Ball, location: 2F 3-2: SINGLE (Line Drive, 78M, EV 91.9 MPH) Mike LaValliere scores
|
|
Batting: RHB Brian David
|
0-0: Called Strike 0-1: Foul Ball, location: 2F 0-2: Foul Ball, location: 2F 0-2: Fly out, F7 (Flyball, 7, EV 80.6 MPH)
|
| Bottom of the 4th over - 1 run, 2 hits, 0 errors, 1 left on base; Denver 7 - Omaha 1 |
| TOP OF THE 5TH |
|
Denver Bears batting - Pitching for Omaha Storm Chasers : LHP Neal Heaton
|
|
Batting: LHB Danny Heep
|
0-0: Ball 1-0: Called Strike 1-1: Ground out 4-3 (Groundball, 4, EV 83.8 MPH)
|
|
Batting: RHB Juan Alvarez
|
0-0: Foul Ball, location: 2F 0-1: Fly out, F8 (Line Drive, 8RM, EV 90.6 MPH)
|
|
Batting: RHB Victor Woods
|
0-0: Ball 1-0: Foul Ball, location: 2F 1-1: Foul Ball, location: 2F 1-2: Ball 2-2: Strikes out looking
|
| Top of the 5th over - 0 runs, 0 hits, 0 errors, 0 left on base; Denver 7 - Omaha 1 |
| BOTTOM OF THE 5TH |
|
Omaha Storm Chasers batting - Pitching for Denver Bears : RHP Jorge Rivera
|
|
Batting: RHB Mike Allport
|
0-0: Reached on error, E5 (Groundball, 56S, EV 63.8 MPH)
|
|
Batting: SHB Larry Bowa
|
0-0: Called Strike 0-1: Foul Ball, location: 2F 0-2: Foul Ball, location: 2F 0-2: Ball 1-2: SINGLE (Groundball, 56D, EV 106.3 MPH) Mike Allport to third Runner from 3rd tries for Home, SAFE, throw by LF to home
|
|
Batting: RHB Odie Davis
|
0-0: Fielders Choice at 2nd, 5-4 (Groundball, 56, EV 82.5 MPH)
|
|
Batting: RHB Jay Schellin
|
0-0: Foul Ball, location: 2F 0-1: Ball 1-1: Swinging Strike 1-2: Ball 2-2: Ball Odie Davis steals 2nd base (no throw) 3-2: 2-RUN HOME RUN (Flyball, 7LD, EV 98.8 MPH), Distance : 359 ft
|
|
Batting: SHB Rafael Landestoy
|
0-0: Ball 1-0: Ball 2-0: Swinging Strike 2-1: Foul Ball, location: 2F 2-2: Ball 3-2: Base on Balls
|
|
Batting: RHB Don Money
|
0-0: Fly out, F6 (Popup, 6, EV 70.6 MPH)
|
|
Batting: LHB Mike LaValliere
|
0-0: Called Strike Rafael Landestoy steals 2nd base 0-1: Called Strike 0-2: Fly out, F6 (Flyball, 56D, EV 88.1 MPH)
|
| Bottom of the 5th over - 3 runs, 2 hits, 1 error, 1 left on base; Denver 7 - Omaha 4 |
| TOP OF THE 6TH |
|
Denver Bears batting - Pitching for Omaha Storm Chasers : LHP Neal Heaton
|
|
Batting: RHB Gomez Barahona
|
0-0: Ball 1-0: SOLO HOME RUN (Line Drive, 7D, EV 104.4 MPH), Distance : 368 ft
|
|
Batting: RHB Frank Lucy
|
0-0: Called Strike 0-1: Swinging Strike 0-2: Ball 1-2: Ball 2-2: Ball 3-2: Strikes out swinging
|
|
Batting: RHB Juan Castro
|
0-0: Called Strike 0-1: Foul Ball, location: 2F 0-2: Ball 1-2: Ball 2-2: Foul Ball, location: 2F 2-2: Foul Ball, location: 2F 2-2: Ball 3-2: Foul Ball, location: 2F 3-2: Fly out, F6 (Line Drive, 6, EV 73.8 MPH)
|
|
Batting: RHB Adolfo Feliz
|
0-0: Ball 1-0: Foul Ball, location: 2F 1-1: Swinging Strike 1-2: Fly out, F7 (Flyball, 7, EV 89.4 MPH)
|
| Top of the 6th over - 1 run, 1 hit, 0 errors, 0 left on base; Denver 8 - Omaha 4 |
| BOTTOM OF THE 6TH |
|
Omaha Storm Chasers batting - Pitching for Denver Bears : RHP Jorge Rivera
|
|
Batting: RHB Eddie Gates
|
0-0: Foul Ball, location: 2F 0-1: Ball 1-1: Ball 2-1: Called Strike 2-2: Ball 3-2: Foul Ball, location: 2F 3-2: Hit by Pitch
|
|
Batting: RHB Brian David
|
0-0: Sac Bunt to 25 - play at first, batter OUT! 5-3 Eddie Gates to second
|
|
Batting: RHB Mike Allport
|
0-0: Ball 1-0: Foul Ball, location: 2F 1-1: Ball 2-1: Swinging Strike 2-2: Strikes out swinging
|
|
Batting: SHB Larry Bowa
|
0-0: Ball 1-0: Ground out 4-3 (Groundball, 4, EV 84.4 MPH)
|
| Bottom of the 6th over - 0 runs, 0 hits, 0 errors, 1 left on base; Denver 8 - Omaha 4 |
| TOP OF THE 7TH |
|
Denver Bears batting - Pitching for Omaha Storm Chasers : LHP Neal Heaton
|
|
Batting: SHB Mitch Webster
|
0-0: Swinging Strike 0-1: Called Strike 0-2: Ball 1-2: Ball 2-2: Strikes out swinging
|
|
Batting: RHB George A Bell
|
0-0: Called Strike 0-1: Ball 1-1: Ball 2-1: Ball 3-1: Foul Ball, location: 2F 3-2: Foul Ball, location: 2F 3-2: Base on Balls
|
|
Batting: LHB Danny Heep
|
0-0: Ball 1-0: Ball 2-0: Called Strike 2-1: Ball 3-1: Foul Ball, location: 2F 3-2: Strikes out swinging George A Bell steals 2nd base Batter strikes out.
|
|
Pitching: RHP Jim Slaton
|
|
|
Batting: RHB Juan Alvarez
|
0-0: Ball 1-0: Called Strike 1-1: Fly out, F1 (Line Drive, P, EV 65.0 MPH)
|
| Top of the 7th over - 0 runs, 0 hits, 0 errors, 1 left on base; Denver 8 - Omaha 4 |
| BOTTOM OF THE 7TH |
|
Omaha Storm Chasers batting - Pitching for Denver Bears : RHP Jorge Rivera
|
|
Batting: RHB Odie Davis
|
0-0: Ball 1-0: Called Strike 1-1: Swinging Strike 1-2: Ball 2-2: Foul Ball, location: 2F 2-2: Hit by Pitch
|
|
Batting: RHB Jay Schellin
|
0-0: Ball 1-0: Ball Odie Davis is caught stealing 2nd base 2-4 2-0: Called Strike 2-1: Fly out, F8 (Flyball, 78M, EV 73.1 MPH)
|
|
Batting: SHB Rafael Landestoy
|
0-0: Called Strike 0-1: Ball 1-1: Ground out 5-3 (Groundball, 56S, EV 85.0 MPH)
|
| Bottom of the 7th over - 0 runs, 0 hits, 0 errors, 0 left on base; Denver 8 - Omaha 4 |
| TOP OF THE 8TH |
|
Denver Bears batting - Pitching for Omaha Storm Chasers : RHP Jim Slaton
|
|
Batting: RHB Victor Woods
|
0-0: Ball 1-0: Ground out 5-3 (Groundball, 56, EV 100.0 MPH)
|
|
Batting: RHB Gomez Barahona
|
0-0: Ball 1-0: Called Strike 1-1: DOUBLE (Line Drive, 78D, EV 109.4 MPH)
|
|
Batting: RHB Frank Lucy
|
0-0: Ball 1-0: Ground out 5-3 (Groundball, 25, EV 78.8 MPH)
|
|
Pitching: LHP Joe Gilbert
|
|
|
Batting: RHB Juan Castro
|
0-0: Ball 1-0: Ball Wild Pitch! Gomez Barahona to third 2-0: Ball Steal of home, Gomez Barahona is out
|
| Top of the 8th over - 0 runs, 1 hit, 0 errors, 0 left on base; Denver 8 - Omaha 4 |
| BOTTOM OF THE 8TH |
|
Omaha Storm Chasers batting - Pitching for Denver Bears : RHP Jorge Rivera
|
|
Batting: RHB Don Money
|
0-0: Ball 1-0: Ball 2-0: Called Strike 2-1: Swinging Strike 2-2: Fly out, F7 (Flyball, 78D, EV 101.9 MPH)
|
|
Pitching: RHP Bob Cabrera
|
|
|
Batting: LHB Mike LaValliere
|
0-0: Ball 1-0: Foul Ball, location: 2F 1-1: Called Strike 1-2: Ball 2-2: Ball 3-2: Foul Ball, location: 2F 3-2: Ground out 6-3 (Groundball, 6, EV 106.3 MPH)
|
|
Batting: RHB Eddie Gates
|
0-0: Called Strike 0-1: Ball 1-1: Foul Ball, location: 2F 1-2: Fly out, F8 (Flyball, 8LM, EV 86.9 MPH)
|
| Bottom of the 8th over - 0 runs, 0 hits, 0 errors, 0 left on base; Denver 8 - Omaha 4 |
| TOP OF THE 9TH |
|
Denver Bears batting - Pitching for Omaha Storm Chasers : LHP Joe Gilbert
|
|
Batting: RHB Juan Castro
|
0-0: Called Strike 0-1: Swinging Strike 0-2: Strikes out swinging
|
|
Batting: RHB Adolfo Feliz
|
0-0: Foul Ball, location: 2F 0-1: Called Strike 0-2: Ball 1-2: Fly out, F8 (Flyball, 8LXD, EV 97.5 MPH)
|
|
Batting: SHB Mitch Webster
|
0-0: Called Strike 0-1: Swinging Strike 0-2: Strikes out looking
|
| Top of the 9th over - 0 runs, 0 hits, 0 errors, 0 left on base; Denver 8 - Omaha 4 |
| BOTTOM OF THE 9TH |
|
Omaha Storm Chasers batting - Pitching for Denver Bears : RHP Bob Cabrera
|
|
Batting: RHB Brian David
|
0-0: Ball 1-0: Foul Ball, location: 2F 1-1: Ball 2-1: Ball 3-1: Base on Balls
|
|
Batting: RHB Mike Allport
|
0-0: Ball 1-0: Swinging Strike 1-1: Called Strike 1-2: Fly out, F6 (Line Drive, 6, EV 66.3 MPH)
|
|
Batting: SHB Larry Bowa
|
0-0: Hit by Pitch Brian David to second
|
|
Batting: RHB Odie Davis
|
0-0: Ball 1-0: Ball 2-0: Ball 3-0: Called Strike 3-1: Foul Ball, location: 2F 3-2: Foul Ball, location: 2F 3-2: Fly out, F1 (Line Drive, P, EV 70.0 MPH)
|
|
Pitching: LHP Jake Zorbas
|
|
|
Batting: RHB Jay Schellin
|
0-0: Ball 1-0: Ball 2-0: Foul Ball, location: 2F 2-1: Called Strike 2-2: Foul Ball, location: 2F 2-2: Strikes out swinging
|
| Bottom of the 9th over - 0 runs, 0 hits, 0 errors, 2 left on base; Denver 8 - Omaha 4 |
|